[Event "Early-Titled-Tuesday-Blitz-March-12-2024"]
[Site "Chess.com"]
[Date "2024.03.12"]
[Round "5"]
[White "Lady_Nika"]
[Black "Mops_2004"]
[Result "0-1"]
[WhiteElo "2546"]
[BlackElo "2844"]
[TimeControl "180+1"]
[EndTime "8:55:15 PDT"]
[Termination "Mops_2004 won by checkmate"]

1. d4 Nf6 2. e3 g6 3. c4 Bg7 4. Nc3 O-O 5. Bd3 d6 6. Nge2 e5 7. d5 a5 8. O-O Na6 9. b3 Nh5 10. e4 Nf4 11. g3 Nxd3 12. Qxd3 f5 13. f3 Nc5 14. Qc2 g5 15. Be3 h5 16. Bxc5 dxc5 17. Kh1 Ra6 18. Rf2 Rh6 19. Rg1 b6 20. exf5 Bxf5 21.
Ne4 g4 22. N2c3 Bh7 23. fxg4 Rxf2 24. Qxf2 hxg4 25. Rf1 Bg6 26. Qe2 Qd7 27. Nf6+ Bxf6 28. Rxf6 Qe7 29. Re6 Qg5 30. Qxe5 Qc1+ 31. Qe1 Qc2 32. Re2 Qd3 33. Re3 Qc2 34. Ne2 Be4+ 35. Kg1 Bf3 36. Re8+ Kf7 37. Re3 Rxh2 38. Kxh2 Qh7+ 39.
Kg1 Qh1+ 40. Kf2 Qg2# 0-1

[Event "Early-Titled-Tuesday-Blitz-March-12-2024"]
[Site "Chess.com"]
[Date "2024.03.12"]
[Round "5"]
[White "JaackCamel"]
[Black "InitiatingASC"]
[Result "1-0"]
[WhiteElo "2185"]
[BlackElo "2329"]
[TimeControl "180+1"]
[EndTime "8:55:15 PDT"]
[Termination "JaackCamel won on time"]

1. d4 d5 2. c4 e6 3. Nc3 c5 4.
cxd5 exd5 5. Nf3 Nc6 6. g3 Nf6 7. Bg2 Be7 8. O-O O-O 9. Bg5 c4 10. b3 Qa5 11. Na4 Be6 12. Nc5 Bxc5 13. Bxf6 gxf6 14.
dxc5 Qxc5 15. bxc4 dxc4 16. Qd2 Rab8 17. Qh6 Qf5 18.
e4 Qxe4 19. Qxf6 Qg6 20. Qc3 Qg7 21. Qe3 Rfd8 22. Rfd1 Rd3 23. Qf4 Rbd8 24. Re1 Qg4 25. Qf6 Qg7 26. Qf4 Nd4 27. Ng5 Ne2+ 28. Rxe2 Qxa1+ 29. Bf1 Rd1 30. Nxe6 Rxf1+ 31. Kg2 Rg1+ 32. Kh3 fxe6 33. Re5 Rgd1 34. Qf6 Qxe5 35. Qxe5 R1d6 36. f4 a6 37. g4 b5 38. f5 exf5 39. gxf5 Kf7 40. f6 Rxf6 41. Qc7+ Ke8 42. Qe5+ 1-0

[Event "Early-Titled-Tuesday-Blitz-March-12-2024"]
[Site "Chess.com"]
[Date "2024.03.12"]
[Round "5"]
[White "Viktor_Poddubnyi"]
[Black "Sadykov_Ramil"]
[Result "0-1"]
[WhiteElo "2265"]
[BlackElo "2598"]
[TimeControl "180+1"]
[EndTime "8:55:16 PDT"]
[Termination "Sadykov_Ramil won on time"]

1. e4 c5 2. Nf3 e6 3. g3 Nc6 4.
Bg2 Nf6 5. e5 Ng4 6. b4 Ngxe5 7.
Nxe5 Nxe5 8. bxc5 Nc6 9. d4 b6 10. d5 exd5 11. cxb6 Ba6 12. Bxd5 Qxb6 13. c4 Bb4+ 14.
Kf1 O-O 15. Kg2 Rac8 16. Nd2 Ne7 17. Bf3 Rfd8 18. Rb1 Qc5 19. Qa4 Bxd2 20. Bxd2 Bxc4 21. Bb4 Qg5 22. h4 Qf6 23. Qxa7 Bd5 24. Bxd5 Nxd5 25. Bd2 Rc2 26. Rbd1 h6 27. Be3 Qc6 28. Qd4 Nxe3+ 0-1

[Event "Early-Titled-Tuesday-Blitz-March-12-2024"]
[Site "Chess.com"]
[Date "2024.03.12"]
[Round "5"]
[White "matagordo"]
[Black "SharapovEvgeny"]
[Result "0-1"]
[WhiteElo "2254"]
[BlackElo "2528"]
[TimeControl "180+1"]
[EndTime "8:55:16 PDT"]
[Termination "SharapovEvgeny won by resignation"]

1. d4 Nf6 2. Bf4 d5 3. e3 c6 4. Nf3 Bg4 5. c4 e6 6. Qb3 Qc8 7. Nc3 Bxf3 8. gxf3 Nh5 9. Bxb8 Qxb8 10. cxd5 exd5 11. Nxd5 cxd5 12. Bb5+ Ke7 13. Qxd5 Nf6 14. Qc5+ Kd8 15. Qg5 Bb4+ 16. Ke2 Ke7 17. Rac1 Bd6 18. e4 h6 19. Qg2 Bf4 20. e5 Bxc1 21. exf6+ Kxf6 22. Rxc1 Qf4 23. Rd1 a6 24. Bd3 Rhe8+ 25. Kf1 Rad8 26. Be4 g5 27. Qg3 Qxg3 28. fxg3 b6 29. Rc1 Rc8 30. Rd1 Red8 31. d5 Ke5 32.
g4 Kd6 33. Kg2 Rc4 34. Rd3 Rc2+ 35. Kg3 Rxb2 36. Ra3 a5 37. h4 Rc8 38. hxg5 hxg5 39. Re3 Rc1 40. f4 Rg1+ 41. Kh3 gxf4 42. Rf3 Rg3+ 43.
Rxg3 fxg3 44. Kxg3 Rxa2 45. Kf4 Ra4 46. Kf5 Rxe4 47. Kxe4 a4 48. Kf5 a3 49. Kf6 a2 50.
Kxf7 a1=Q 51. g5 Qf1+ 52. Kg8 Qf5 53. g6 Qxg6+ 0-1

[Event "Early-Titled-Tuesday-Blitz-March-12-2024"]
[Site "Chess.com"]
[Date "2024.03.12"]
[Round "5"]
[White "wonderfultime"]
[Black "FormerProdigy"]
[Result "0-1"]
[WhiteElo "3058"]
[BlackElo "2994"]
[TimeControl "180+1"]
[EndTime "8:55:17 PDT"]
[Termination "FormerProdigy won by resignation"]

1. d4 d5 2. Nf3 Nf6 3. Bf4 c5 4. c3 Nc6 5. e3 Qb6 6. Qc2 Nh5 7. Be5 f6 8. Bg3 e5 9. dxe5 Nxg3 10. hxg3 fxe5 11. e4 dxe4 12. Ng5 Bf5 13. Nd2 Be7 14. Ngxe4 O-O-O 15. O-O-O Kb8 16. Bd3 Bg5 17. f3 c4 18.
Bxc4 Bxe4 19. fxe4 Qe3 20. Rhf1 Rhf8 21. Kb1 Rxf1 22.
Nxf1 Rxd1+ 23. Qxd1 Qxe4+ 24. Qd3 Qe1+ 25. Kc2 Qc1+ 26.
Kb3 Na5+ 27. Ka3 Be7+ 28. Ka4 Qxb2 29. Qd5 Qa3+ 30. Kb5 a6+ 31. Kb6 Nxc4+ 32. Qxc4 Bd8+ 0-1

[Event "Early-Titled-Tuesday-Blitz-March-12-2024"]
[Site "Chess.com"]
[Date "2024.03.12"]
[Round "5"]
[White "ChessSwole"]
[Black "LiamPutnam2008"]
[Result "0-1"]
[WhiteElo "2725"]
[BlackElo "2900"]
[TimeControl "180+1"]
[EndTime "8:55:20 PDT"]
[Termination "LiamPutnam2008 won by resignation"]

1. Nf3 a6 2. a3 g6 3. g3 Bg7 4.
Bg2 Nf6 5. O-O O-O 6. c4 d5 7. cxd5 Nxd5 8. e4 Nb6 9. d4 Bg4 10. Be3 Nc6 11. d5 Na5 12. Nbd2 Nbc4 13. Nxc4 Nxc4 14.
Bd4 Nxb2 15. Qb3 Bxf3 16. Bxg7 Bxg2 17. Bxb2 Bxf1 18. Qc3 f6 19. Rxf1 Rc8 20. Qb3 b5 21. Rc1 c5 22. dxc6+ Kg7 23. e5 Qd2 24. Rd1 Qe2 25.
exf6+ exf6 26. Rd7+ Kh6 27. Bc1+ g5 28. Qc3 Rce8 29.
Be3 Qc4 30. Qd2 Qxc6 31. Bxg5+ Kg6 32. Be3 Qe4 33. h4 h5 34. Qd6 Qe6 35. Qd3+ Qe4 36. Qd6 Rf7 37. Rxf7 Kxf7 38. Qxa6 Rd8 39. Qa7+ Kg6 40.
Kf1 Qh1+ 0-1

[Event "Early-Titled-Tuesday-Blitz-March-12-2024"]
[Site "Chess.com"]
[Date "2024.03.12"]
[Round "5"]
[White "stollenmonster"]
[Black "Hanging_pointer"]
[Result "0-1"]
[WhiteElo "2864"]
[BlackElo "2709"]
[TimeControl "180+1"]
[EndTime "8:55:21 PDT"]
[Termination "Hanging_pointer won by resignation"]

1. e4 c6 2. d4 d5 3. e5 Bf5 4. Ne2 e6 5. Ng3 Bg6 6. h4 h6 7. h5 Bh7 8. Bd3 Bxd3 9. cxd3 Qb6 10. Be3 Qxb2 11. Nd2 c5 12. dxc5 Qxe5 13. d4 Qc7 14.
Rb1 Nc6 15. O-O Nf6 16. Rb5 Nd7 17. Re1 Be7 18. Qb3 b6 19. cxb6 axb6 20. Rc1 O-O 21. Nf3 Rfc8 22. a4 Qd8 23. Bf4 Na5 24. Rxc8 Rxc8 25. Qd3 Nc4 26. Nd2 Nf6 27. Qb3 Bd6 28. Bxd6 Qxd6 29. Nf3 Qf4 30. Ne2 Qf5 31. Ng3 Qf4 32. Qd1 Qg4 33. Qe2 Nxh5 34. Nxh5 Qxh5 35. Rb1 Ra8 36. Ra1 Qg4 37. Qc2 Qf4 38. Qd3 g6 39.
Qb3 Kg7 40. Qb5 g5 41. Qd7 g4 42. Nh4 Qf6 43. g3 Qxd4 44. Re1 Qf6 45. Qc6 Ra7 46. Re2 Ne5 47. Qe8 Nf3+ 48. Nxf3 gxf3 49. Re3 Rc7 50.
Re1 h5 51. Qb5 Rc4 52. Qxb6 Rxa4 53. Qe3 h4 0-1

[Event "Early-Titled-Tuesday-Blitz-March-12-2024"]
[Site "Chess.com"]
[Date "2024.03.12"]
[Round "5"]
[White "zenitushka"]
[Black "volodja49"]
[Result "1/2-1/2"]
[WhiteElo "2289"]
[BlackElo "2595"]
[TimeControl "180+1"]
[EndTime "8:55:22 PDT"]
[Termination "Game drawn by repetition"]

1. d4 e6 2. e4 d5 3. Nc3 dxe4 4.
Bc4 Nf6 5. f3 c5 6. Be3 cxd4 7.
Qxd4 Qxd4 8. Bxd4 exf3 9. Nxf3 Nc6 10. Nb5 Nxd4 11. Nfxd4 Bb4+ 12. c3 Ba5 13. O-O-O a6 14. Nd6+ Ke7 15. Rhe1 Kxd6 16. Nxe6+ Kc6 17. Nd4+ Kc7 18.
Re7+ Kb8 19. Rxf7 Ne8 20. Nb3 Bb6 21. a4 Bc7 22. Nc5 Nd6 23. Rf4 Nxc4 24. Rxc4 Bxh2 25. Rf1 b6 26. Nd3 Be6 27. Rc6 Bd7 28. Rxb6+ Kc7 29. a5 Bd6 30. Rf7 g5 31. b4 h5 32.
c4 Raf8 33. Rg7 Rhg8 34. Rh7 Rh8 35. Rg7 Rfg8 36. Rf7 Rf8 37. Rg7 1/2-1/2

[Event "Early-Titled-Tuesday-Blitz-March-12-2024"]
[Site "Chess.com"]
[Date "2024.03.12"]
[Round "5"]
[White "TanitoluwaAps116"]
[Black "AsaHoffmann"]
[Result "0-1"]
[WhiteElo "2822"]
[BlackElo "2393"]
[TimeControl "180+1"]
[EndTime "8:55:24 PDT"]
[Termination "AsaHoffmann won by resignation"]

1. e4 d6 2. d4 c6 3. Nc3 a6 4. Nf3 Bg4 5. h3 Bh5 6. Bd3 Nf6 7. Be3 e6 8. g4 Bg6 9. h4 d5 10. exd5 cxd5 11. g5 Ne4 12. Ne5 Bb4 13. Nxg6 hxg6 14. Bxe4 dxe4 15. h5 Qa5 16. Kd2 Nc6 17. hxg6 O-O-O 18. Rxh8 Rxh8 19. gxf7 Rd8 20. Qg4 Qd5 21. Kc1 Bxc3 22. bxc3 g6 23. Kd2 Rf8 24. Qf4 e5 25.
Qg4+ Kb8 26. Ke2 Rxf7 27. Rd1 Qxa2 28. d5 Qc4+ 29. Ke1 Nd8 30. d6 Qxc3+ 31. Bd2 Qc5 32. Be3 Qc3+ 33. Rd2 Qc6 34. Qg3 Qb5 35. Qg4 Rd7 36. Qxe4 Nc6 37. Qxg6 b6 38. Qe8+ Rd8 39. d7 Qc4 40. Qf7 Qxf7 41. Rd6 Kb7 42. g6 Qe7 43.
Rd2 Rxd7 44. Re2 Qg7 45. f4 Qxg6 46. fxe5 Qe6 0-1

[Event "Early-Titled-Tuesday-Blitz-March-12-2024"]
[Site "Chess.com"]
[Date "2024.03.12"]
[Round "5"]
[White "Meri-Arabidze"]
[Black "ajedrezsinlimites"]
[Result "0-1"]
[WhiteElo "2708"]
[BlackElo "2537"]
[TimeControl "180+1"]
[EndTime "8:55:24 PDT"]
[Termination "ajedrezsinlimites won on time"]

1. d4 Nf6 2. c4 e6 3. Nc3 Bb4 4. f3 d5 5. a3 Bxc3+ 6. bxc3 c5 7. cxd5 exd5 8. e3 c4 9. Ne2 O-O 10. g4 b5 11. Bg2 a5 12. O-O Ra6 13. Nf4 b4 14. axb4 axb4 15. Rxa6 Nxa6 16. cxb4 Nxb4 17.
Qa4 Nd3 18. Nxd3 cxd3 19. Qa3 h5 20. g5 Ne8 21. h4 Bf5 22. Qc5 Nc7 23. e4 dxe4 24.
fxe4 Bg4 25. d5 Be2 26. Rf2 f6 27. g6 Na6 28. Qd4 Qa5 29. Be3 Nb4 30. d6 Nc2 31.
Qc4+ Kh8 32. Bc5 Qe1+ 33. Kh2 d2 34. Rxe2 Qxh4+ 35. Bh3 Qf4+ 36. Kg2 d1=Q 37. Rf2 Ne3+ 38. Bxe3 Qxe3 39. d7 Qdd4 40. Qxd4 Qxd4 0-1

[Event "Early-Titled-Tuesday-Blitz-March-12-2024"]
[Site "Chess.com"]
[Date "2024.03.12"]
[Round "5"]
[White "Chessdude1987"]
[Black "Smoking_Crow"]
[Result "0-1"]
[WhiteElo "2395"]
[BlackElo "2573"]
[TimeControl "180+1"]
[EndTime "8:55:24 PDT"]
[Termination "Smoking_Crow won on time"]

1. e4 c6 2. Nf3 d5 3. Nc3 Bg4 4. Be2 e6 5. Ne5 Bxe2 6. Qxe2 Nd7 7. Nxd7 Qxd7 8. d3 d4 9. Nd1 g6 10. O-O Bg7 11. f4 Ne7 12. f5 gxf5 13. exf5 exf5 14. Bg5 f6 15. Bf4 O-O-O 16. Nf2 Nd5 17. Nh3 Rhe8 18.
Qf2 Bf8 19. Rae1 Ne3 20. Kh1 Nxf1 21. Rxf1 Bd6 22. Qxd4 Bxf4 23. Qxf4 Re5 24. Qh4 Rde8 25. Nf4 Qd6 26. h3 Qb4 27. Qxh7 Qxb2 28. c4 Kb8 29. Qd7 Qb6 30. Qd6+ Qc7 31. Qxc7+ Kxc7 32. Kh2 Kd6 33. h4 Kc5 34. Rf3 Kd4 35. h5 Re3 36. Rf2 Rh8 37. g3 a5 38. Kg2 b5 39. cxb5 cxb5 40. Rb2 b4 41. a3 Kc3 0-1

[Event "Early-Titled-Tuesday-Blitz-March-12-2024"]
[Site "Chess.com"]
[Date "2024.03.12"]
[Round "5"]
[White "jk13"]
[Black "ActorXu"]
[Result "0-1"]
[WhiteElo "2671"]
[BlackElo "2870"]
[TimeControl "180+1"]
[EndTime "8:55:26 PDT"]
[Termination "ActorXu won by resignation"]

1. e4 c5 2. c3 Nf6 3. e5 Nd5 4. Bc4 Nb6 5. Bb3 c4 6. Bc2 Nc6 7. Nf3 d6 8. exd6 e5 9. O-O Bxd6 10. d4 Bg4 11. h3 Bxf3 12. Qxf3 O-O 13. dxe5 Nxe5 14. Qxb7 f5 15. Nd2 a5 16. f4 Rf7 17. Qxa8 Qxa8 18. fxe5 Bxe5 19. Bxf5 Qd5 20. Bc2 Qc5+ 21. Kh1 Rxf1+ 22. Nxf1 Qf2 23. Bd2 Nd5 24. Be4 Nf4 25. Bxf4 Bxf4 26. Bd5+ Kf8 27. Bxc4 Qxb2 28. Rd1 Qxc3 29. Bd5 a4 30. Nh2 g5 31. Ng4 h5 32. Nh6 Qg3 33. Kg1 Be3+ 34. Kh1 Qf2 35. Bc4 Qc2 36. Rf1+ Bf4 37. Bd5 Kg7 38. Nf7 Qd3 39. Re1 Qxd5 0-1

[Event "Early-Titled-Tuesday-Blitz-March-12-2024"]
[Site "Chess.com"]
[Date "2024.03.12"]
[Round "5"]
[White "Ginger_GM"]
[Black "chito89"]
[Result "1-0"]
[WhiteElo "2596"]
[BlackElo "2829"]
[TimeControl "180+1"]
[EndTime "8:55:26 PDT"]
[Termination "Ginger_GM won on time"]

1. d4 c5 2. d5 g6 3. Nc3 Bg7 4. e4 d6 5. Bb5+ Nd7 6. a4 a6 7. Be2 Ngf6 8. Nf3 O-O 9. O-O Ne8 10. Bf4 Nc7 11. Qd2 Rb8 12. Bh6 b5 13. axb5 axb5 14.
Bxg7 Kxg7 15. Nd1 f6 16. Ne3 Ne5 17. Nxe5 fxe5 18. Bg4 h5 19. Bxc8 Qxc8 20. Ra7 Rf7 21.
Rfa1 Ne8 22. Qa5 c4 23. c3 Nf6 24. Rc7 Qd8 25. f3 Ra8 26. Qxa8 Qxc7 27. Qa7 Qc8 28.
Ra6 e6 29. Qb6 exd5 30. exd5 Ne8 31. Qc6 Qd8 32. Ra8 Qg5 33. Kf2 Qh4+ 34. Ke2 Nf6 35. Qxd6 e4 36. Qg3 exf3+ 37. gxf3 Qxg3 38. hxg3 Re7 39. Kf2 Rd7 40. Rb8 Nxd5 41. Rxb5 Nxe3 42. Kxe3 Rd3+ 43.
Ke2 Rd7 44. Rb4 Rc7 45. Ke3 g5 46. Ke4 1-0

[Event "Early-Titled-Tuesday-Blitz-March-12-2024"]
[Site "Chess.com"]
[Date "2024.03.12"]
[Round "5"]
[White "Roman_Ovetchkin"]
[Black "ASKA538"]
[Result "1-0"]
[WhiteElo "2595"]
[BlackElo "2260"]
[TimeControl "180+1"]
[EndTime "8:55:26 PDT"]
[Termination "Roman_Ovetchkin won by resignation"]

1. d4 Nf6 2. c4 g6 3. Nc3 Bg7 4. e4 d6 5. h3 O-O 6. Bg5 c5 7. d5 a6 8. a4 h6 9. Be3 e6 10. Bd3 exd5 11. exd5 Re8 12. Nf3 b6 13. O-O Ra7 14. Qd2 Kh7 15. Rfe1 Rae7 16. Bf4 Qc7 17. g4 Nbd7 18. Kg2 Ng8 19. Rxe7 Rxe7 20. Re1 Ne5 21. Nxe5 dxe5 22. Bg3 Qd8 23. f3 f5 24. Qc2 Qf8 25. a5 bxa5 26. Na4 e4 27. fxe4 fxg4 28. hxg4 Bxg4 29.
Rf1 Qe8 30. Nxc5 Bd4 31. Nb3 Be5 32. Bxe5 Rxe5 33. Qf2 Rg5 34. Qf7+ Qxf7 35. Rxf7+ Kh8 36. Kf2 h5 37. c5 h4 38. Nd4 h3 39. Nf3 Bxf3 40.
Rxf3 Rh5 41. Kg1 Nh6 42. c6 h2+ 43. Kh1 Ng4 44. c7 1-0

[Event "Early-Titled-Tuesday-Blitz-March-12-2024"]
[Site "Chess.com"]
[Date "2024.03.12"]
[Round "5"]
[White "blitzking1729"]
[Black "Oleksandr_Bortnyk"]
[Result "0-1"]
[WhiteElo "2808"]
[BlackElo "3010"]
[TimeControl "180+1"]
[EndTime "8:55:27 PDT"]
[Termination "Oleksandr_Bortnyk won by resignation"]

1. c4 Nf6 2. Nc3 g6 3. g3 Bg7 4. Bg2 O-O 5. d4 d6 6. Nf3 c6 7. e4 Be6 8. b3 Qa5 9. Bd2 Re8 10. O-O Qh5 11. Ng5 Qxd1 12. Raxd1 Bg4 13. f3 Bc8 14. e5 Nfd7 15. f4 h6 16. Nge4 dxe5 17. fxe5 Nf8 18. Be3 Na6 19. Rd2 f5 20. exf6 exf6 21. Bxh6 Bxh6 22. Nxf6+ Kf7 23. Nxe8+ Kxe8 24. Re2+ Kd8 25. Ne4 Bg4 26. Ree1 Nb4 27. Nd6 Kc7 28. Re7+ Kxd6 29.
Rxb7 Be3+ 30. Kh1 Nd3 31. Rf6+ Ne6 32. c5+ Nxc5 33. dxc5+ Bxc5 34. Rxg6 Bf5 35. Rh6 Rd8 36. h3 Ke5 37. g4 Rd1+ 38. Kh2 Bg1+ 39. Kg3 Rd3+ 40. Bf3 Be4 41. Kg2 Bxf3+ 42. Kxg1 Nc5 43. Rf7 Ne4 44. Rf5+ Kd4 45. Rxc6 Rd1+ 0-1

[Event "Early-Titled-Tuesday-Blitz-March-12-2024"]
[Site "Chess.com"]
[Date "2024.03.12"]
[Round "5"]
[White "kidagent"]
[Black "crazy_m_attack"]
[Result "1-0"]
[WhiteElo "2326"]
[BlackElo "2464"]
[TimeControl "180+1"]
[EndTime "8:55:29 PDT"]
[Termination "kidagent won on time"]

1. e4 e5 2. Nf3 Nc6 3. Bb5 a6 4. Ba4 Nf6 5. O-O Be7 6. Re1 b5 7. Bb3 O-O 8. d3 d6 9. c3 Be6 10. Nbd2 Qd7 11. Nf1 Bxb3 12. axb3 d5 13. Bg5 dxe4 14.
dxe4 Qe6 15. Ng3 Rfd8 16. Qc2 Nd7 17. Nf5 Bxg5 18. Nxg5 Qf6 19. Nf3 g6 20. Ne3 Nb6 21. Rad1 Kg7 22. Qc1 h5 23. h4 Qe6 24. b4 a5 25.
bxa5 Nxa5 26. Ng5 Qf6 27. Nd5 Nxd5 28. exd5 Nc4 29. Ne4 Qf5 30. Rd3 Nd6 31. Rf3 Qg4 32. Nf6 Qxh4 33. Rxe5 b4 34. g3 Qh3 35. Nxh5+ gxh5 36. Rg5+ Kh7 37. Rf6 Ne4 38. Rxf7+ Kh8 39. Rgg7 1-0

[Event "Early-Titled-Tuesday-Blitz-March-12-2024"]
[Site "Chess.com"]
[Date "2024.03.12"]
[Round "5"]
[White "ccccvhhhj"]
[Black "Felix-Rose"]
[Result "0-1"]
[WhiteElo "2444"]
[BlackElo "2258"]
[TimeControl "180+1"]
[EndTime "8:55:29 PDT"]
[Termination "Felix-Rose won by resignation"]

1. e4 e5 2. Nf3 Nc6 3. d4 exd4 4. Nxd4 Nf6 5. Bb5 Bc5 6. Nb3 Bb4+ 7. Bd2 O-O 8. O-O Bxd2 9. N1xd2 d5 10. Bxc6 bxc6 11.
e5 Ng4 12. Nf3 Re8 13. c3 Nxe5 14. Nxe5 Rxe5 15. Qd4 Qe7 16. h3 Re4 17. Qd1 Qg5 18.
Kh1 Bxh3 19. gxh3 Rh4 20. Qd3 Qh5 21. Kh2 Re8 22. Rae1 Ree4 23. Rxe4 dxe4 24. Qg3 f5 25. Rg1 g6 26. Nd4 c5 27. Ne6 c4 28. Nf4 Qh6 29. Ng2 Rh5 30. Nf4 Rh4 31. Ne6 Kf7 32. Ng5+ Kf6 33.
Qxc7 f4 34. Qd6+ Kf5 35. Qd5+ Kf6 36. Qxe4 Qxg5 37. Rxg5 Kxg5 38. Qe5+ Kh6 39. Kg2 g5 40. Qf6+ Kh5 41. Qf7+ Kh6 42. Qxc4 f3+ 43. Kxf3 Rxc4 44. Ke3 Rc6 45. Kd3 Ra6 46. a3 Rf6 47. b4 Rxf2 48.
a4 Rf3+ 49. Kd4 Rxh3 50. a5 g4 51. b5 g3 52. Ke3 Rh5 53. c4 Rc5 54. Kd4 Rc8 55. b6 axb6 56. axb6 g2 57. b7 Rb8 58. Kc5 g1=Q+ 59. Kc6 Qg2+ 60. Kc7 Qxb7+ 61. Kd6 Rd8+ 62.
Ke5 Qe7+ 0-1

[Event "Early-Titled-Tuesday-Blitz-March-12-2024"]
[Site "Chess.com"]
[Date "2024.03.12"]
[Round "5"]
[White "Veleamater"]
[Black "Boundless_Strike"]
[Result "1/2-1/2"]
[WhiteElo "2317"]
[BlackElo "2609"]
[TimeControl "180+1"]
[EndTime "8:55:30 PDT"]
[Termination "Game drawn by repetition"]

1. g3 e5 2. Bg2 d6 3. d3 f5 4. Nc3 Nf6 5. e4 fxe4 6. dxe4 Be7 7. h3 O-O 8. f4 exf4 9. gxf4 Nfd7 10. Nf3 Bh4+ 11.
Nxh4 Qxh4+ 12. Kf1 Nc6 13. Qg4 Qf6 14. Be3 Nde5 15. Qg3 Nc4 16. Re1 Nxe3+ 17. Rxe3 Qxf4+ 18. Qxf4 Rxf4+ 19. Kg1 Be6 20. Kh2 Raf8 21. Nb5 R8f7 22. c3 Rf2 23. Nd4 Nxd4 24. cxd4 Rxb2 25. Rc1 Rff2 26.
Rg3 c6 27. a3 h6 28. Kg1 Rfd2 29. d5 Bd7 30. Re1 Rbc2 31. e5 dxe5 32. Rxe5 cxd5 33.
Re7 Bc6 34. Rgxg7+ Kf8 35. Rgf7+ Kg8 36. Rg7+ Kf8 37.
Rgf7+ Kg8 38. Rg7+ 1/2-1/2

[Event "Early-Titled-Tuesday-Blitz-March-12-2024"]
[Site "Chess.com"]
[Date "2024.03.12"]
[Round "5"]
[White "BogdanDeac"]
[Black "AlmasRakhmatullaev"]
[Result "0-1"]
[WhiteElo "3041"]
[BlackElo "2829"]
[TimeControl "180+1"]
[EndTime "8:55:31 PDT"]
[Termination "AlmasRakhmatullaev won by resignation"]

1. d4 d5 2. Nf3 c6 3. Bf4 Nf6 4. e3 a6 5. c4 Bf5 6. Qb3 Ra7 7. Nc3 e6 8. Rc1 Nbd7 9. h3 Be7 10.
c5 h6 11. Be2 Qc8 12. Qa4 O-O 13. O-O Bd8 14. b4 Ra8 15. Qb3 Bc7 16. Bxc7 Qxc7 17.
a4 e5 18. b5 axb5 19. axb5 Rae8 20. Ra1 exd4 21. Nxd4 Bxh3 22. bxc6 bxc6 23. gxh3 Rxe3 24. Bf3 Rd3 25. Rad1 Nxc5 26. Qc2 Rxd1 27. Nxd1 Nce4 28. Ne3 Qf4 29. Bxe4 Nxe4 30. Qxc6 Ng5 31. Ne2 Qf3 32. Ng3 d4 33. Qxf3 Nxf3+ 34. Kg2 Nh4+ 35. Kh2 dxe3 36.
fxe3 f5 37. e4 f4 38. Ne2 g5 39. Nd4 Re8 40. Re1 Rd8 0-1

[Event "Early-Titled-Tuesday-Blitz-March-12-2024"]
[Site "Chess.com"]
[Date "2024.03.12"]
[Round "5"]
[White "snowlord"]
[Black "ChessQueen"]
[Result "1-0"]
[WhiteElo "2912"]
[BlackElo "2761"]
[TimeControl "180+1"]
[EndTime "8:55:33 PDT"]
[Termination "snowlord won on time"]

1. c4 e5 2. Nf3 Nc6 3. d4 exd4 4.
Nxd4 Nxd4 5. Qxd4 Qf6 6. Qe3+ Qe6 7. Nc3 c6 8. g3 Nf6 9. Bh3 Qxe3 10. Bxe3 Bb4 11. Bd2 d6 12. Bxc8 Rxc8 13. a3 Bc5 14. Na4 Bd4 15. e3 Bb6 16. Nxb6 axb6 17. Bb4 d5 18. Rc1 Kd7 19. Ke2 Ke6 20. a4 Rhd8 21.
b3 Ne4 22. f3 Nc5 23. Rc3 Na6 24. Ba3 dxc4 25. Rxc4 f5 26. g4 fxg4 27. Rxg4 Kf7 28.
Rhg1 g6 29. h4 Rd5 30. Rf4+ Kg8 31. e4 Rd7 32. h5 Rcd8 33. Bc1 Nc5 34. hxg6 Nd3 35.
gxh7+ Kh8 36. Rf5 Nxc1+ 37. Rxc1 Rxh7 38. Ke3 Rh2 39. Rg5 Rdd2 40. Rcg1 Rde2+ 41. Kd4 Rd2+ 42. Ke5 1-0

[Event "Early-Titled-Tuesday-Blitz-March-12-2024"]
[Site "Chess.com"]
[Date "2024.03.12"]
[Round "5"]
[White "GeorgiosSouleidis"]
[Black "MightyMike_009"]
[Result "0-1"]
[WhiteElo "2667"]
[BlackElo "2868"]
[TimeControl "180+1"]
[EndTime "8:55:33 PDT"]
[Termination "MightyMike_009 won on time"]

1. e4 e5 2. Nc3 Nf6 3. d4 exd4 4.
Qxd4 Nc6 5. Qd3 Bb4 6. Bd2 d6 7. O-O-O O-O 8. Qg3 Ne5 9. f3 Nh5 10. Qe1 Qe8 11. g4 Bxc3 12. Bxc3 Nf4 13. Qg3 Ne6 14. Bxe5 dxe5 15. Qxe5 a5 16. Bc4 c6 17. Ne2 b5 18. Bxe6 Bxe6 19. Nd4 Bxa2 20. Qxe8 Rfxe8 21. Nxc6 a4 22. Nb4 Bc4 23. Rd4 g6 24. h4 h6 25. Rhd1 Kg7 26. Re1 Re6 27. f4 Rae8 28. e5 g5 29. hxg5 hxg5 30. Nd3 gxf4 31. Nxf4 Rxe5 32.
Nh5+ Kf8 33. Rxe5 Rxe5 34. Rf4 Re1+ 35. Kd2 Re2+ 36. Kc3 Rg2 37. Nf6 Kg7 38. Ne4 Be6 39. Nc5 Bxg4 40. Kb4 Be2 41. Ne4 Bc4 0-1

[Event "Early-Titled-Tuesday-Blitz-March-12-2024"]
[Site "Chess.com"]
[Date "2024.03.12"]
[Round "5"]
[White "Kielinkei"]
[Black "eagleclaw07"]
[Result "1/2-1/2"]
[WhiteElo "2573"]
[BlackElo "2779"]
[TimeControl "180+1"]
[EndTime "8:55:33 PDT"]
[Termination "Game drawn by repetition"]

1. c4 Nf6 2. g3 e6 3. Bg2 d5 4. Nf3 Be7 5. O-O O-O 6. b3 dxc4 7. bxc4 c5 8. Bb2 Bd7 9. Ne5 Qc7 10. d3 Bc6 11. Nxc6 Nxc6 12. Nc3 Rad8 13. Rb1 Nd7 14.
Qc1 Bf6 15. Nb5 Qb8 16. Bxf6 Nxf6 17. Qb2 Na5 18. Nc3 b6 19. Ne4 Nxe4 20. Bxe4 Rd4 21.
Bg2 Rfd8 22. Qc3 h6 23. Rfd1 Qc7 24. e3 R4d6 25. Rbc1 Qd7 26. Bf1 Qa4 27. Rd2 Nc6 28.
Rcd1 e5 29. Bg2 f6 30. Bxc6 Qxc6 31. d4 cxd4 32. exd4 exd4 33. Rxd4 Rxd4 34. Rxd4 Rc8 35. Qd3 Re8 36. Rd8 Rxd8 37. Qxd8+ Kf7 38. Qd4 Qa4 39.
Qd5+ Kf8 40. Qd8+ Qe8 41. Qd6+ Qe7 42. Qd5 Qc7 43. Kg2 Ke7 44. h4 Qd8 45. Qe4+ Kf7 46. Qb7+ Qe7 47. Qd5+ Qe6 48. Qb7+ Qe7 49. Qd5+ Kf8 50.
Qa8+ Kf7 51. Qd5+ 1/2-1/2

[Event "Early-Titled-Tuesday-Blitz-March-12-2024"]
[Site "Chess.com"]
[Date "2024.03.12"]
[Round "5"]
[White "Byniolus"]
[Black "dropstoneDP"]
[Result "0-1"]
[WhiteElo "2824"]
[BlackElo "3003"]
[TimeControl "180+1"]
[EndTime "8:55:34 PDT"]
[Termination "dropstoneDP won on time"]

1. d4 d5 2. Nf3 Nf6 3. Bf4 c5 4. c3 Nc6 5. e3 Qb6 6. Qb3 c4 7. Qc2 g6 8. Nbd2 Bf5 9. Qc1 Nh5 10.
Be5 f6 11. Bg3 Nxg3 12. hxg3 Bg7 13. e4 dxe4 14. Nxc4 Qc7 15. Nfd2 O-O-O 16. Ne3 h5 17. Qc2 Kb8 18. O-O-O Bh6 19. Re1 e5 20. d5 Bxe3 21. Rxe3 Rxd5 22. Nxe4 Rhd8 23. Bc4 Rd2 24. Qxd2 Rxd2 25.
Nxd2 Nd4 26. Bd3 a6 27. Kb1 Ne6 28. Bxf5 gxf5 29. Rxh5 Qd6 30. Kc2 f4 31. Rd3 Qc6 32. Rh6 Nc5 33. Rd8+ Ka7 34. gxf4 Qa4+ 35. Kc1 Qxf4 36.
Rh7 Qxf2 37. Rc8 Qxg2 0-1

[Event "Early-Titled-Tuesday-Blitz-March-12-2024"]
[Site "Chess.com"]
[Date "2024.03.12"]
[Round "5"]
[White "IMRosen"]
[Black "szachuspl"]
[Result "1/2-1/2"]
[WhiteElo "2709"]
[BlackElo "2540"]
[TimeControl "180+1"]
[EndTime "8:55:34 PDT"]
[Termination "Game drawn by repetition"]

1. e4 g6 2. d4 Bg7 3. Nf3 d6 4. Bc4 c6 5. Bb3 e6 6. O-O Ne7 7.
Re1 O-O 8. c3 Nd7 9. Nbd2 b5 10.
a4 bxa4 11. Bxa4 Nb6 12. Bc2 a5 13. Nf1 Qc7 14. Ng3 c5 15. h4 cxd4 16. cxd4 Bd7 17.
h5 Rfc8 18. Bd3 d5 19. e5 a4 20. Bg5 Nf5 21. Nxf5 exf5 22. Qd2 Nc4 23. Qe2 Qb7 24. Reb1 Be6 25. Bf6 Bf8 26. Ng5 Qd7 27. Qf3 h6 28. Nh3 Nd2 29. Qg3 Qe8 30. Rd1 Ne4 31. Qe3 Nxf6 32.
exf6 Bd7 33. Qe5 Qxe5 34. dxe5 g5 35. f4 g4 36. Nf2 Rab8 37. Rd2 Bc5 38. Kf1 Be3 39.
Re2 Bxf4 40. Nd1 Re8 41. Nc3 Bxe5 42. Nxd5 Kf8 43. Ne7 Bxf6 44. Nxf5 Bxf5 45. Bxf5 Bxb2 46. Rxe8+ Kxe8 47. Rxa4 g3 48. Rg4 Rb5 49. Bd3 Rxh5 50. Rxg3 Be5 51. Rh3 Rxh3 52. gxh3 Ke7 53. Kg2 Kf6 54.
Be2 Kg5 55. Bf3 Kf4 56. Ba8 f5 57. Bf3 Bf6 58. Ba8 Bh4 59. Bf3 Ke3 60. Ba8 Ke2 61.
Bf3+ Ke1 62. Ba8 f4 63. Bf3 Kd2 64. Ba8 Ke3 65. Bf3 Kd4 66. Ba8 Ke5 67. Bf3 Bg3 68.
Ba8 h5 69. Kf3 h4 70. Be4 Kd4 71. Bf5 Ke5 72. Bg4 Kd4 73. Bf5 Ke5 74. Bg4 Kd4 75. Bf5 1/2-1/2